 Dungeon Crawl Stone Soup version 0.20.1-1-g8b1a95d66d (webtiles) character file.

390 Meaglor the Grave Robber (level 6, -3/43 HPs)
             Began as a Demonspawn Necromancer on Nov 28, 2017.
             Slain by a hound (4 damage)
             ... on level 3 of the Dungeon.
             The game lasted 00:47:50 (4527 turns).

Meaglor the Grave Robber (Demonspawn Necromancer)   Turns: 4527, Time: 00:47:51

Health: -3/43      AC:  4    Str:  9    XL:     6   Next: 50%
Magic:  11/11      EV: 12    Int: 17    God:
Gold:   166        SH:  0    Dex: 14    Spells: 3/12 levels left

rFire    + . .     SeeInvis .   c - +4 club
rCold    + . .     Gourm    .   (no shield)
rNeg     . . .     Faith    .   k - +0 leather armour
rPois    .         Spirit   .   (no helmet)
rElec    .         Reflect  .   (no cloak)
rCorr    .         Harm     .   h - +0 pair of gloves
MR       .....                  (no boots)
Stlth    ++........             (no amulet)
Regen    0.2/turn               j - ring of protection from fire
MPRegen  0.2/turn               l - ring of protection from cold

@: fainting
A: claws 1, powered by death 1, powered by pain 1, sturdy frame 1
a: no special abilities


You were on level 3 of the Dungeon.
You were fainting.

You visited 1 branch of the dungeon, and saw 4 of its levels.

You collected 166 gold pieces.

Inventory:

Hand Weapons
 c - a +4 club (weapon)
 f - a +0 flail
Missiles
 e - 14 poisoned needles (quivered)
Armour
 a - a +0 robe
 g - a +0 robe
 h - a +0 pair of gloves (worn)
 k - a +0 leather armour (worn)
Jewellery
 j - a ring of protection from fire (left hand)
 l - a ring of protection from cold (right hand)
Scrolls
 d - 2 scrolls of remove curse
Books
 b - a book of Necromancy

   Spells                             Type                      Level
   a - Pain                           Necromancy                   1
   b - Animate Skeleton               Necromancy                   1
   c - Vampiric Draining              Necromancy                   3
   d - Regeneration                   Charms/Necromancy            3
   e - Animate Dead                   Necromancy                   4
   f - Control Undead                 Necromancy                   4
Comestibles
 i - a bread ration


   Skills:
 + Level 1.0 Fighting
 + Level 1.4 Maces & Flails
 + Level 1.1 Armour
 + Level 2.3 Dodging
 + Level 2.1 Stealth
 + Level 3.9 Spellcasting
 + Level 0.1 Charms
 + Level 6.3 Necromancy


You had 3 spell levels left.
You knew the following spells:

 Your Spells              Type           Power        Failure   Level  Hunger
a - Pain                  Necr           ###.         1%          1    None
b - Animate Skeleton      Necr           N/A          1%          1    None
c - Regeneration          Chrm/Necr      ##........   13%         3    ###....
d - Animate Dead          Necr           N/A          12%         4    ####...


Dungeon Overview and Level Annotations

Branches:
Dungeon (4/15)
 Temple: D:4-7

Altars:
Ru
Xom
The Shining One

Shops:
D:4 =


Innate Abilities, Weirdness & Mutations

You have sharp fingernails.
You regenerate a little health from kills.
You sometimes gain a little power by taking damage.
Your movements are slightly less encumbered by armour. (ER -2)


Message History

The hound closely misses you. The hound barely misses you.
You hit the hound.
The hound is almost dead.
The hound bites you but does no damage. The hound misses you.
You hit the hound but do no damage.
The hound is almost dead.
The hound bites you.
* * * LOW HITPOINT WARNING * * *
The hound closely misses you.
You hit the hound.
The hound is almost dead.
The hound closely misses you. The hound bites you.
* * * LOW HITPOINT WARNING * * *
You barely miss the hound.
The hound is almost dead.
The hound bites you but does no damage.
You barely miss the hound.
The hound is almost dead.
The hound bites you.
You die...

#...## #..# #.# #...#
####..####.#
######..##
#..........#
........#
#.##..###### *
.######.# #.##..# *
.# #.# #.##..# * (#
#.# #.##..# * .##
#.#####.##..# * ..#
#..(....>h@.# ..#
#######.###.# .>#
##.###.# #.# #......#
#.# #..#######
#.##########........#
#........##...#####)#
########.#.###.#* #.#
#..#####.###.#


You could see a hound.

Vanquished Creatures
  An ogre (D:4)
  An orc wizard (D:4)
  Jessica (D:1)
  An iguana (D:4)
  15 adders
  3 worms
  A dart slug (D:1)
  2 orcs (D:4)
  7 giant cockroaches
  4 goblins
  8 hobgoblins
  12 jackals (D:3)
  8 kobolds
  A quokka (D:2)
  6 bats
  7 frilled lizards
  5 rats
  A fungus (D:1)
84 creatures vanquished.

Vanquished Creatures (collateral kills)
  2 orcs (D:4)
  A hobgoblin (D:3)
  A kobold (D:3)
4 creatures vanquished.

Grand Total: 88 creatures vanquished

Notes
Turn   | Place    | Note
-------+----------+-------------------------------------------
     0 | D:1      | Meaglor the Demonspawn Necromancer began the quest for the Orb.
     0 | D:1      | Reached XP level 1. HP: 13/13 MP: 3/3
     4 | D:1      | Learned a level 1 spell: Animate Skeleton
   178 | D:1      | Gained mutation: You sometimes gain a little power by taking damage. [demonic ancestry]
   178 | D:1      | Reached XP level 2. HP: 18/19 MP: 0/5
   777 | D:2      | Reached XP level 3. HP: 9/24 MP: 0/6
   799 | D:2      | HP: 1/24 [poisoned by an adder]
  1130 | D:2      | Learned a level 3 spell: Regeneration
  1136 | D:2      | Noticed Jessica
  1193 | D:1      | Killed Jessica
  1193 | D:1      | Reached skill level 5 in Necromancy
  1626 | D:2      | Gained mutation: You regenerate a little health from kills. [demonic ancestry]
  1626 | D:2      | Reached XP level 4. HP: 26/31 MP: 0/8
  2634 | D:2      | Learned a level 4 spell: Animate Dead
  2737 | D:2      | Reached skill level 1 in Maces & Flails
  2737 | D:2      | Gained mutation: You have sharp fingernails. [demonic ancestry]
  2737 | D:2      | Reached XP level 5. HP: 35/36 MP: 5/9
  3042 | D:3      | Found a sacrificial altar of Ru.
  3191 | D:3      | Learned a level 1 spell: Animate Skeleton
  3375 | D:3      | Found a glowing golden altar of the Shining One.
  3925 | D:3      | Reached skill level 1 in Armour
  4031 | D:4      | Noticed an ogre
  4032 | D:4      | Found Tiptakh's Jewellery Shop.
  4055 | D:4      | Killed an ogre
  4055 | D:4      | Reached skill level 6 in Necromancy
  4055 | D:4      | Gained mutation: Your movements are slightly less encumbered by armour. (ER -2) [demonic ancestry]
  4055 | D:4      | Reached XP level 6. HP: 8/42 MP: 0/11
  4345 | D:4      | Found a shimmering altar of Xom.
  4361 | D:4      | Reached skill level 1 in Fighting
  4525 | D:3      | HP: 1/43 [hound (4)]
  4527 | D:3      | Slain by a hound

Skill      XL: |  1  2  3  4  5  6 |
---------------+-------------------+-----
Dodging        | 2 |  2.3
Stealth        | 2 |  2.1
Necromancy     | 5 6 |  6.3
Spellcasting   | 3 |  3.9
Maces & Flails | 1 |  1.4
Armour         | 1 |  1.1
Fighting       | 1 |  1.0
Charms         | |  0.1

Action                   |  1- 3 |  4- 6 || total
-------------------------+-------+-------++-------
Melee: Mace              |    72 |       ||    72
       Club              |     9 |   142 ||   151
 Cast: Pain              |    30 |   105 ||   135
       Regeneration      |     1 |     4 ||     5
       Animate Dead      |       |     6 ||     6
  Use: Potion            |     2 |     2 ||     4
       Scroll            |     5 |     4 ||     9
 Stab: Sleeping          |     2 |       ||     2
  Eat: Bread ration      |     1 |       ||     1
       Royal jelly       |     1 |       ||     1
       Meat ration       |       |     1 ||     1
Armor: Robe              |     7 |     6 ||    13
       Scale mail        |    27 |       ||    27
       Leather armour    |       |    46 ||    46
Dodge: Dodged            |    56 |   161 ||   217
